 Dungeon Crawl Stone Soup version 0.28.0-47-ge53b351184 (webtiles) character file.

Game seed: 11708057478155758886

111067 Zeld the Fighter (level 16, -9/144 HPs)
             Began as a Green Draconian Conjurer on May 2, 2022.
             Was a High Priest of Vehumet.
             Killed from afar by Frances (36 damage)
             ... with a shard of ice
             ... on level 1 of the Swamp on May 4, 2022.
             The game lasted 01:10:07 (44322 turns).

Zeld the Fighter (Green Draconian Conjurer)        Turns: 44322, Time: 01:10:08

Health: -9/144     AC: 25    Str: 11    XL:     16   Next: 8%
Magic:  6/31       EV: 19    Int: 25    God:    Vehumet [*****.]
Gold:   1223       SH:  0    Dex: 24    Spells: 9/38 levels left

rFire   + + .      SeeInvis .   a - +3 Elemental Staff {rElec rF++ rC++ AC+5}
rCold   + + .      Faith    .   (no shield)
rNeg    . . .      Spirit   .   (armour unavailable)
rPois   +          Reflect  .   d - +2 hat of a treasure trove {Dex+8 Slay-2}
rElec   +          Harm     .   x - +2 cloak
rCorr   .          Rampage  .   q - +2 pair of gloves
Will    +....                   o - +2 pair of boots
Stlth   ++++++....              l - amulet of magic regeneration
HPRegen 0.34/turn               w - ring of Wezearph {Dex+6 Stlth+}
MPRegen 0.62/turn               (no ring)

@: about to teleport, flying, very slightly contaminated
A: breathe noxious fumes, AC +9, unfitting armour, stinger 1, poison resistance,
cold-blooded, big wings
a: Breathe Noxious Fumes, Renounce Religion


You were on level 1 of the Swamp.
You worshipped Vehumet.
Vehumet was extremely pleased with you.
You visited 5 branches of the dungeon, and saw 23 of its levels.
You also visited: Ossuary and Volcano.

You collected 2332 gold pieces.
You spent 1109 gold pieces at shops.

Inventory:

Hand Weapons
 a - the +3 Elemental Staff (weapon) {rElec rF++ rC++ AC+5}
   (You took it off a deep elf pyromancer on level 9 of the Dungeon)

   If the wielder is skilled in Evocations, they can discharge powerful blasts
   of elemental energy when striking with it.
   It enhances your fire, ice, earth and air magic.
   AC:        It affects your AC (+5).
   rF:        It greatly protects you from fire.
   rC:        It greatly protects you from cold.
   rElec:     It insulates you from electricity.
Armour
 d - the +2 hat of a treasure trove (worn) {Dex+8 Slay-2}
   (You found it on level 2 of the Orcish Mines)

   Dex:       It affects your dexterity (+8).
   Slay:      It affects your accuracy & damage with ranged weapons and melee
   (-2).
 o - a +2 pair of boots (worn)
 q - a +2 pair of gloves (worn)
 x - a +2 cloak (worn)
Jewellery
 l - an amulet of magic regeneration (around neck)
 t - a +4 ring of evasion
 w - the ring of Wezearph (left hand) {Dex+6 Stlth+}
   (You found it on level 9 of the Dungeon)

   [ring of dexterity]

   Dex:       It affects your dexterity (+6).
   Stlth:     It makes you more stealthy.
Wands
 i - a wand of flame (55)
 u - a wand of iceblast (6)
 B - a wand of polymorph (28)
 G - a wand of charming (9)
 H - a wand of paralysis (20)
 I - a wand of digging (15)
 J - a wand of acid (20)
Scrolls
 b - 2 scrolls of silence
 f - 6 scrolls of magic mapping
 k - 2 scrolls of teleportation
 n - 7 scrolls of amnesia
 p - 3 scrolls of identify
 C - 6 scrolls of brand weapon
 E - 5 scrolls of enchant weapon
 F - 2 scrolls of enchant armour
 L - a scroll of summoning
 N - 2 scrolls of holy word
Potions
 c - 6 potions of brilliance
 e - a potion of flight
 g - 12 potions of curing
 h - 10 potions of heal wounds
 j - 11 potions of ambrosia
 m - 8 potions of magic
 r - 3 potions of invisibility
 s - 6 potions of haste
 y - 3 potions of resistance
 A - 7 potions of might
 D - 4 potions of cancellation
 O - a potion of berserk rage
Miscellaneous
 K - a phial of floods


   Skills:
 * Level 13.5 Fighting
 * Level 9.7 Staves
 + Level 8.5 Dodging
 + Level 9.0 Stealth
 * Level 11.8 Spellcasting
 * Level 11.2 Conjurations
 - Level 2.0 Hexes
 * Level 11.3 Summonings
 - Level 2.0 Translocations
 * Level 9.5 Evocations


You had 9 spell levels left.
You knew the following spells:

 Your Spells              Type           Power      Damage    Failure   Level
a - Magic Dart            Conj           100%       1d8       1%          1
b - Searing Ray           Conj           100%       2d8       1%          2
c - Fulminant Prism       Conj/Hex       23%        3d13      1%          4
d - Iskenderun's Mystic   Conj/Tloc      47%        2d10      1%          4
e - Summon Mana Viper     Hex/Summ       48%        N/A       8%          5
f - Summon Cactus Giant   Summ           32%        N/A       6%          6
g - Monstrous Menagerie   Summ           32%        N/A       32%         7

Your spell library contained the following spells:

 Spells                   Type           Power      Damage    Failure   Level
 Lee's Rapid Deconstruct  Erth           11%        3d9*      28%         5
 Foxfire                  Conj/Fire      100%       2x1d9     1%          1
 Shock                    Conj/Air       100%       1d9       1%          1
 Poisonous Vapours        Pois/Air       44%        N/A       1%          2
 Conjure Flame            Conj/Fire      59%        6-21      1%          3
 Dazzling Flash           Conj/Hex       94%        N/A       1%          3
 Mephitic Cloud           Conj/Pois/Air  50%        N/A       1%          3
 Stone Arrow              Conj/Erth      100%       3d13      1%          3
 Flame Wave               Conj/Fire      59%        2d11      1%          4
 Inner Flame              Hex/Fire       29%        N/A       2%          3
 Ignite Poison            Fire/Tmut/Pois 22%        N/A       3%          3
 Fireball                 Conj/Fire      29%        3d13      3%          5
 Animate Skeleton         Necr           28%        N/A       4%          1
 Pain                     Necr           56%        1d6       4%          1
 Summon Ice Beast         Ice/Summ       59%        N/A       4%          4
 Confusing Touch          Hex            24%        N/A       5%          3
 Gell's Gravitas          Tloc           24%        N/A       5%          3
 Lesser Beckoning         Tloc           24%        N/A       5%          3
 Teleport Other           Tloc           24%        N/A       5%          3
 Tukima's Dance           Hex            24%        N/A       5%          3
 Corpse Rot               Necr/Air       44%        N/A       6%          2
 Freezing Cloud           Conj/Ice/Air   33%        6-21      7%          5
 Summon Forest            Summ/Tloc      24%        N/A       8%          5
 Airstrike                Air            11%        N/A       11%         4
 Olgreb's Toxic Radiance  Pois           14%        N/A       11%         4
 Swiftness                Air            22%        N/A       12%         3
 Vampiric Draining        Necr           14%        2d7       12%         3
 Starburst                Conj/Fire      29%        6d9       16%         6
 Passage of Golubria      Tloc           24%        N/A       19%         4
 Yara's Violent Unravell  Hex/Tmut       9%         3d6       19%         5
 Animate Dead             Necr           7%         N/A       38%         4
 Silence                  Hex/Air        14%        N/A       58%         5
 Agony                    Necr           14%        N/A       75%         5
 Excruciating Wounds      Necr           7%         N/A       75%         5
 Haunt                    Necr/Summ      21%        N/A       98%         7
 Lehudib's Crystal Spear  Conj/Erth      29%        10d8      99%         8
 Enfeeble                 Hex            12%        N/A       100%        7
 Ignition                 Fire           11%        3d5       100%        8
 Infestation              Necr           7%         N/A       100%        8
 Animate Armour           Summ/Erth      Unusable   N/A       N/A         4

Dungeon Overview and Level Annotations

Branches:
Dungeon (12/15)            Temple (1/1) D:4            Lair (6/6) D:11
  Swamp (2/4) Lair:2        Snake (0/4) Lair:4        Slime (0/5) Lair:6
    Orc (2/2) D:12            Elf (0/3) Orc:2       Ossuary (visited)
Volcano (visited)

Altars:
Ashenzari
Cheibriados
Dithmenos
Elyvilon
Fedhas
Gozag
Hepliaklqana
Kikubaaqudgha
Makhleb
Nemelex Xobeh
Okawaru
Qazlal
Ru
Sif Muna
Trog
Uskayaw
Vehumet
Wu Jian
Xom
Yredelemnul
Zin
The Shining One
Beogh

Shops:
D:1 (   D:6 !   D:11 (   Orc:2 *:([*

Annotations:
Swamp:1 Frances


Innate Abilities, Weirdness & Mutations

You can breathe blasts of noxious fumes.
Your lurid green scales are hard. (AC +9)
You cannot fit into any form of body armour.
Your tail ends in a venomous barb.
Your system is resistant to poisons. (rPois)
You are cold-blooded and may be slowed by cold attacks.
Your large and strong wings let you fly.


Message History

You feel your power leaking away.
Frances says, "Show me proof of your conquests, and I will call you a great adventurer."
Frances completely misses you.
You hit the nameless horror. You crush the nameless horror!
You tail-slap the nameless horror, but do no damage.
The nameless horror is almost destroyed.
The nameless horror hits you! Frances hits you but does no damage.
Unknown command.
You hit the nameless horror but do no damage.
The nameless horror is almost destroyed.
Frances says, "Show me proof of your conquests, and I will call you a great adventurer."
Frances closely misses you.
Unknown command.
You hit the nameless horror.
You tail-slap the nameless horror, but do no damage.
The nameless horror is almost destroyed.
The nameless horror hits you.
You feel your power leaking away.
Frances mutters in a terrible tongue.
The shard of ice hits you!! You partially resist.
You are too injured to fight recklessly!
Unknown command.
Press: ? - help, v - describe, . - travel
Here: Frances, wielding a +0 scimitar and wearing a +2 leather armour of fire resistance (fast) Some shallow water.
Frances hits you with a +0 scimitar! Frances misses you.
Frances closely misses you.
Frances sneers.
Frances whispers indecipherable words.
The iron shot hits you!!
* * * LOW HITPOINT WARNING * * *
Frances hits you with a +0 scimitar.
* * * LOW HITPOINT WARNING * * *
As you read the scroll of teleportation, it crumbles to dust.
You feel strangely unstable. Frances hits you but does no damage.
The nameless horror closely misses you.
Frances mutters in a terrible tongue.
The shard of ice hits you!!! You partially resist.
You die...

≈♣♣♣.≈.♣.♣♣ ♣♣♣♣≈≈≈.≈.≈≈≈≈≈..
.≈♣.♣≈§≈♣♣ ♣♣.♣♣..≈≈≈≈.≈♣≈≈.≈
..†≈≈...♣♣ ♣≈.≈♣≈≈.....§.≈≈..
...≈♣...≈♣ ♣♣♣♣♣♣..♣.≈≈♣≈≈≈≈.≈≈§.
..≈♣≈.≈≈≈♣♣♣≈♣.♣♣≈.≈.§.≈≈.≈§.....
...≈...♣.♣♣.....♣♣.♣..§...≈≈≈≈♣≈≈
≈≈.≈.≈≈♣.≈♣≈≈..♣♣..≈.≈≈≈.........
.♣..≈....≈.≈.≈≈♣X@.♣≈≈≈..≈≈≈♣♣.≈≈
.≈..≈.........♣♣@≈♣♣>≈≈≈≈§≈≈≈≈≈≈≈
≈≈..............≈.♣♣..≈≈≈≈≈≈≈≈..≈
≈.≈♣........##....♣≈...(.≈.≈..≈.≈
(♣♣♣..###...##.....≈≈..≈≈♣≈≈≈.(..
♣♣ ♣....#.........≈.≈...≈≈≈.≈...♣
♣..#.#...##..)...≈≈≈...≈≈≈≈.♣♣
♣.............♣<.≈≈.≈≈≈≈.≈♣♣♣
♣.....##....#...≈≈♣..≈≈≈.♣♣
♣(#....#..#.#.≈≈≈.≈♣.≈≈.♣♣


You could see Frances (fast) and a nameless horror.

Vanquished Creatures
  The ghost of SuperSeabass the Fighter, a journeyman PaFi of Uskayaw (Orc:1)
  3 ghouls
  2 eleionomae
  3 bunyips
  Fannar (D:10)
  7 hydras
  Harold (D:11)
  A boulder beetle (D:11)
  A catoblepas (Lair:6)
  A death knight (D:11)
  Erica (D:10)
  The ghost of Dillybarz the Protected, a novice BaFi of Cheibriados (D:9)
  3 alligators (Swamp:1)
  6 two-headed ogres
  4 death yaks (Lair:1)
  An orc high priest (Orc:2)
  A tengu warrior (D:9)
  Urug (D:12)
  2 nameless horrors
  A death drake (Swamp:2)
  3 goliath frogs (Swamp:2)
  2 spriggan druids (Swamp:2)
  11 orc knights
  7 bog bodies
  2 swamp dragons (Swamp:1)
  Pikel (D:4)
  A deep elf archer (Volcano)
  An ugly thing (D:12)
  11 deep elf pyromancers
  2 wolf spiders (Lair:6)
  3 phantasmal warriors (D:11)
  An oklob plant (Lair:1)
  6 orc sorcerers
  3 cyclopes (D:11)
  3 manticores
  A guardian serpent (Lair:6)
  Joseph (D:8)
  A moth of wrath (D:9)
  10 black mambas
  22 cane toads
  4 gargoyles
  3 torpor snails
  Maggie (D:8)
  7 rime drakes
  9 komodo dragons
  A kobold demonologist (D:12)
  A tengu conjurer (D:9)
  9 trolls
  A queen bee (Orc:1)
  2 tyrant leeches
  4 hornets
  A polar bear (Lair:5)
  18 slime creatures
  10 dream sheep (Lair:5)
  Prince Ribbit (D:6)
  15 blink frogs
  2 spriggans
  Sigmund (D:4)
  13 wyverns
  A vampire (D:11)
  2 wraiths
  32 yaks
  4 basilisks
  Eustachio (D:4)
  A redback (Lair:6)
  8 fire elementals
  2 steam dragons
  10 vampire mosquitoes
  Edmund (D:5)
  4 wargs
  3 nagas (Lair:4)
  6 swamp worms
  An acid dragon (D:9)
  26 water moccasins
  4 hell hounds (Volcano)
  44 orc warriors
  A sky beast (D:7)
  An ice beast (D:7)
  2 necrophages
  9 ogres
  24 wolves
  4 centaurs
  2 phantoms (D:5)
  A kobold brigand (D:12)
  A lemure (D:4)
  9 bullfrogs
  2 gnoll sergeants
  2 scorpions
  A water moccasin zombie (D:7)
  42 killer bees
  10 wights
  3 howler monkeys
  2 bullfrog zombies
  4 centaur zombies
  3 hounds
  6 jellies
  A gnoll shaman (D:6)
  20 orc priests
  A centaur skeleton (D:7)
  A bullfrog skeleton (D:5)
  Crazy Yiuf (D:5)
  20 orc wizards
  3 iguanas
  7 hell rats
  2 killer bee zombies
  13 mummies (Ossuary)
  2 hound skeletons
  2 howler monkey zombies (D:8)
  20 gnolls
  A howler monkey skeleton (D:6)
  17 river rats (D:8)
  4 adders
  3 white imps
  An ufetubus (D:7)
  An adder skeleton (D:4)
  A worm (D:2)
  2 dart slugs
  94 orcs
  4 bats (D:1)
  3 endoplasms (D:1)
  4 giant cockroaches
  12 goblins
  12 hobgoblins
  6 jackals (D:2)
  7 kobolds
  2 quokkas
  3 training dummies (D:11)
  5 ball pythons
  2 frilled lizards (D:2)
  5 gnoll skeletons (Ossuary)
  A kobold skeleton (Ossuary)
  2 orc skeletons (Ossuary)
  3 rats
  11 rat skeletons (Ossuary)
815 creatures vanquished.

Vanquished Creatures (collateral kills)
  A bunyip (Lair:2)
  An alligator (Swamp:1)
  Maurice (D:8)
  An unseen horror (D:12)
  A shadow (D:9)
  A vampire mosquito (Swamp:1)
  A warg (Orc:2)
  An orc warrior (Orc:2)
  An ogre (D:7)
  A killer bee zombie (D:7)
  A river rat (D:8)
11 creatures vanquished.

Vanquished Creatures (others)
  A deep elf pyromancer (Volcano)
  An orc warrior (Orc:2)
  A bush (Lair:6)
  64 fungi
  100 plants
167 creatures vanquished.

Grand Total: 993 creatures vanquished

Notes
Turn   | Place    | Note
-------+----------+-------------------------------------------
     0 | D:1      | Zeld the Draconian Conjurer began the quest for the Orb.
     0 | D:1      | Reached XP level 1. HP: 14/14 MP: 3/3
   262 | D:1      | Reached XP level 2. HP: 4/22 MP: 0/5
   584 | D:1      | Found a faded altar of an unknown god.
   596 | D:1      | Learned a level 2 spell: Searing Ray
   665 | D:1      | Found Uxom's Weapon Emporium.
   832 | D:1      | Reached skill level 1 in Fighting
  1037 | D:1      | Reached XP level 3. HP: 28/28 MP: 4/6
  2259 | D:2      | Reached XP level 4. HP: 36/36 MP: 4/7
  2275 | D:2      | Reached skill level 1 in Translocations
  2956 | D:2      | Reached skill level 2 in Fighting
  3648 | D:3      | Reached skill level 1 in Hexes
  3648 | D:3      | Reached XP level 5. HP: 15/42 MP: 4/9
  3873 | D:3      | Noticed a necrophage
  3886 | D:3      | Killed a necrophage
  4229 | D:4      | Noticed Sigmund
  4250 | D:4      | HP: 2/44 [goblin/+0 dagger of pain (3)]
  4759 | D:3      | Reached XP level 6. HP: 33/50 MP: 7/10
  4768 | D:3      | Learned a level 4 spell: Fulminant Prism
  4773 | D:3      | Learned a level 4 spell: Iskenderun's Mystic Blast
  4934 | D:4      | Reached skill level 3 in Fighting
  5338 | D:4      | Found a staircase to the Ecumenical Temple.
  5348 | Temple   | Entered the Ecumenical Temple
  5543 | Temple   | Became a worshipper of Vehumet
  5768 | D:4      | Killed Sigmund
  5769 | D:4      | Reached skill level 5 in Conjurations
  5878 | D:4      | Your scales start taking on a lurid green colour.
  5878 | D:4      | Reached XP level 7. HP: 57/57 MP: 6/12
  5878 | D:4      | Gained mutation: Your system is resistant to poisons.
                  | (rPois) [Green Draconian growth]
  5900 | D:4      | Noticed Pikel
  5932 | D:4      | Killed Pikel
  5933 | D:4      | Reached skill level 4 in Fighting
  5933 | D:4      | Reached XP level 8. HP: 52/67 MP: 3/14
  6210 | D:4      | Noticed Eustachio
  6227 | D:4      | Killed Eustachio
  6527 | D:5      | Entered Level 5 of the Dungeon
  6547 | D:5      | Reached skill level 5 in Fighting
  6680 | D:5      | Reached skill level 5 in Spellcasting
  6763 | D:5      | Noticed Edmund
  6776 | D:5      | Killed Edmund
  6811 | D:5      | Reached * piety under Vehumet
  6811 | D:5      | Offered knowledge of Shock by Vehumet.
  6926 | D:5      | Learned a level 5 spell: Summon Mana Viper
  6959 | D:5      | Noticed a nameless horror
  7795 | D:5      | Reached skill level 1 in Summonings
  7973 | D:5      | Found a runed translucent door.
  7974 | D:5      | Noticed Crazy Yiuf
  8162 | D:5      | Reached skill level 6 in Fighting
  8162 | D:5      | Reached XP level 9. HP: 55/75 MP: 12/17
  8498 | D:5      | Killed Crazy Yiuf
  8788 | D:6      | Found Enaada's Distillery.
  8795 | D:6      | Bought a potion of might for 56 gold pieces
  8795 | D:6      | Bought a potion of might for 56 gold pieces
  8795 | D:6      | Bought a potion of might for 56 gold pieces
  8795 | D:6      | Bought a potion of brilliance for 56 gold pieces
  9015 | D:6      | Noticed a troll
  9135 | D:6      | Killed a troll
  9228 | D:6      | Noticed Prince Ribbit
  9247 | D:6      | Killed Prince Ribbit
  9800 | D:7      | Found a sand-covered staircase.
  9891 | Ossuary  | Entered an ossuary
 10094 | Ossuary  | Reached ** piety under Vehumet
 10096 | Ossuary  | Offered knowledge of Sandblast by Vehumet.
 10399 | D:7      | Reached skill level 7 in Fighting
 11010 | D:7      | Reached XP level 10. HP: 75/86 MP: 11/19
 11257 | D:8      | Offered knowledge of Frozen Ramparts by Vehumet.
 11371 | D:8      | You fall into a shaft and drop 1 floor!
 11621 | D:9      | Reached skill level 5 in Stealth
 11815 | D:8      | Noticed Joseph
 11844 | D:8      | Killed Joseph
 12007 | D:8      | Reached *** piety under Vehumet
 12172 | D:8      | Reached skill level 8 in Fighting
 12314 | D:8      | Noticed Maggie
 12594 | D:8      | Killed Maggie
 12595 | D:8      | Reached skill level 5 in Summonings
 12869 | D:7      | Reached skill level 5 in Dodging
 13227 | D:8      | Noticed Maurice
 13242 | D:8      | Killed Maurice
 13282 | D:8      | Offered knowledge of Olgreb's Toxic Radiance by Vehumet.
 13289 | D:8      | Found the +2 ratskin cloak {*Rats rPois rN+ Str-1 Int-1
                  | Dex+1}
 13360 | D:7      | Learned a level 4 spell: Olgreb's Toxic Radiance
 13766 | D:8      | Noticed a two-headed ogre
 13778 | D:8      | Killed a two-headed ogre
 13779 | D:8      | Reached XP level 11. HP: 89/95 MP: 15/22
 14440 | D:9      | Noticed a two-headed ogre
 14451 | D:9      | Killed a two-headed ogre
 14573 | D:9      | Found a transporter.
 14576 | D:9      | Found a transporter.
 14579 | D:9      | Found a bloodstained altar of Trog.
 14582 | D:9      | Noticed Dillybarz's ghost (novice BaFi)
 14583 | D:9      | Noticed a two-headed ogre
 14584 | D:9      | Noticed a tengu warrior
 14600 | D:9      | Noticed a two-headed ogre
 14978 | D:9      | Noticed a deep elf pyromancer
 14984 | D:9      | Killed a deep elf pyromancer
 15014 | D:9      | Reached skill level 9 in Fighting
 15579 | D:9      | Reached skill level 1 in Staves
 15579 | D:9      | Reached skill level 1 in Evocations
 15672 | D:9      | Noticed a nameless horror
 16276 | D:9      | Reached **** piety under Vehumet
 16279 | D:9      | Offered knowledge of Yara's Violent Unravelling by Vehumet.
 16945 | D:9      | Identified the ring of Wezearph {Dex+6 Stlth+}
 16979 | D:9      | Killed a nameless horror
 17160 | D:10     | Entered Level 10 of the Dungeon
 17188 | D:10     | Noticed Fannar
 17218 | D:10     | Killed Fannar
 17351 | D:10     | Found a sparkling altar of Nemelex Xobeh.
 17494 | D:6      | Bought a potion of haste for 140 gold pieces
 17494 | D:6      | Bought a potion of heal wounds for 70 gold pieces
 17494 | D:6      | Bought a potion of magic for 112 gold pieces
 17564 | D:10     | Noticed Erica
 17734 | D:10     | Noticed a two-headed ogre
 17743 | D:10     | Killed a two-headed ogre
 17763 | D:10     | Killed Erica
 18916 | D:11     | Reached XP level 12. HP: 61/105 MP: 18/24
 19169 | D:11     | Found Keplameh's Firing Range.
 19221 | D:11     | Noticed a boulder beetle
 19700 | D:11     | Found a staircase to the Lair.
 20355 | D:11     | Reached skill level 10 in Conjurations
 20367 | D:11     | Killed a boulder beetle
 20668 | D:12     | Reached skill level 10 in Fighting
 20668 | D:12     | Noticed a death knight
 22038 | D:12     | Found a staircase to the Orcish Mines.
 22197 | D:12     | Reached ***** piety under Vehumet
 22201 | D:12     | Offered knowledge of Hailstorm by Vehumet.
 22468 | D:12     | Noticed Urug
 22493 | D:12     | Reached skill level 5 in Staves
 22498 | D:12     | HP: 1/107 [orc warrior/+0 trident[an orc knight] (7)]
 22502 | D:12     | Killed Urug
 23189 | D:12     | Reached skill level 5 in Evocations
 23752 | Lair:1   | Entered Level 1 of the Lair of Beasts
 23766 | Lair:1   | Found a blossoming altar of Fedhas.
 23883 | Lair:1   | Reached XP level 13. HP: 101/114 MP: 7/26
 25171 | Lair:1   | Noticed Harold
 25428 | D:11     | Killed Harold
 25429 | D:11     | Reached skill level 11 in Fighting
 25839 | Lair:2   | Found a dark tunnel.
 25850 | Volcano  | Entered a volcano
 26842 | Lair:2   | Found a staircase to the Swamp.
 27435 | Lair:3   | Reached skill level 10 in Spellcasting
 28841 | Lair:4   | Found a staircase to the Snake Pit.
 29593 | Lair:4   | Gained mutation: Your tail ends in a venomous barb. [Green
                  | Draconian growth]
 29593 | Lair:4   | Reached XP level 14. HP: 57/125 MP: 25/28
 30686 | Lair:5   | Reached skill level 12 in Fighting
 30740 | Lair:5   | Offered knowledge of Iron Shot by Vehumet.
 30780 | Lair:5   | Learned a level 6 spell: Summon Cactus Giant
 30802 | Lair:5   | Learned a level 7 spell: Monstrous Menagerie
 31459 | Lair:6   | Entered Level 6 of the Lair of Beasts
 32411 | Lair:6   | Reached skill level 10 in Summonings
 33186 | Lair:6   | Found a staircase to the Slime Pits.
 34639 | D:12     | Offered knowledge of Spellforged Servitor by Vehumet.
 34641 | D:12     | Reached XP level 15. HP: 118/134 MP: 8/30
 34823 | D:12     | Noticed a storm dragon
 34823 | D:12     | Noticed a tengu reaver
 34826 | D:12     | Gained mutation: Your large and strong wings let you fly.
                  | [a shining eye]
 35133 | Orc:1    | Entered Level 1 of the Orcish Mines
 35238 | Orc:2    | Entered Level 2 of the Orcish Mines
 36361 | Orc:2    | Noticed an orc warlord
 37856 | Orc:2    | Found Ynne Lau's General Store.
 37881 | Orc:2    | Bought a scroll of identify for 30 gold pieces
 37881 | Orc:2    | Bought a scroll of identify for 30 gold pieces
 37881 | Orc:2    | Bought a scroll of magic mapping for 52 gold pieces
 37881 | Orc:2    | Bought a scroll of holy word for 112 gold pieces
 37881 | Orc:2    | Bought a scroll of amnesia for 52 gold pieces
 38013 | Orc:2    | Found Laurchoar's Book Boutique.
 38129 | Orc:2    | Offered knowledge of Lightning Bolt by Vehumet.
 38479 | Orc:2    | Reached skill level 13 in Fighting
 38511 | Orc:2    | Found Ceijorud's Antique Armour Boutique.
 38702 | Orc:2    | Found Silops's Antique Weapon Shop.
 38703 | Orc:2    | Found a runed translucent gate.
 38704 | Orc:2    | Found a runed translucent gate.
 38705 | Orc:2    | Found a runed translucent gate.
 38708 | Orc:2    | Noticed SuperSeabass's ghost (journeyman PaFi)
 38801 | Orc:2    | Bought an ancient glaive for 287 gold pieces
 38801 | Orc:2    | Identified the +8 glaive of Vikytso {venom, *Corrode rC+
                  | Dex+4} (You bought it in a shop on level 2 of the Orcish
                  | Mines)
 38831 | Orc:2    | Found Upousiclaig's Mass Market.
 38894 | Orc:2    | Found a staircase to the Elven Halls.
 39265 | Orc:1    | Killed SuperSeabass's ghost
 39912 | Orc:2    | Identified the +2 hat of a treasure trove {Dex+8 Slay-2}
 40421 | D:9      | Killed Dillybarz's ghost
 40836 | Swamp:1  | Entered Level 1 of the Swamp
 43605 | Swamp:2  | Reached XP level 16. HP: 136/144 MP: 16/31
 44045 | Swamp:2  | Noticed Frances
 44051 | Swamp:2  | Offered knowledge of Lee's Rapid Deconstruction by Vehumet.
 44322 | Swamp:1  | Killed from afar by Frances

Illustrated notes

Levels and vault maps discovered:
D:1:      amcnicky_arrival_choice, layout_basic, serial_shops, shop,
          ebering_ecumenical_altar_hall
D:2:      layout_loops_ring, chequers_serial_rivers_room_a
D:3:      layout_rooms
D:4:      layout_cave_pools, minmay_temple_entry_slanted, grunt_decor_cap,
          uniq_pikel, uniq_sigmund, uniq_eustachio
D:5:      layout_loops_ring, uniq_crazy_yiuf_cottage, uniq_edmund
D:6:      layout_basic, serial_shops, kennysheep_mini_moat,
          nrook_mini_backslash, uniq_prince_ribbit1
D:7:      wad_crossroads, layout_basic, enter_ossuary_5
D:8:      wander_guarded_unrand_ratskin, layout_loops_ring, uniq_joseph,
          uniq_maurice, uniq_maggie
D:9:      layout_roguey [special_room_orc], gammafunk_ghost_wrathful_warriors,
          dilly_guarded_unrand_elemental_staff
D:10:     layout_gridville, mainiacjoe_overflow_cross_hatched, uniq_erica,
          uniq_fannar
D:11:     layout_grid_maze, lair_entry_dummy, nicolae_shop_firing_range
D:12:     minmay_connected_triangles_in_corner, layout_rooms,
          minmay_orc_entry_temple_small, uniq_urug
Temple:   mainiacjoe_temple_trianglar_array
Lair:1:   layout_chaotic_city, chequers_serial_rivers_micro_d, tgw_fedhas,
          serial_bayou_shore_b, uniq_harold
Lair:2:   layout_regular_city, minmay_swamp_entry_swarm, enter_volcano_1
Lair:3:   layout_cave_pods, serial_bayou_shore_b, lemuel_fruit_fields
Lair:4:   layout_regular_city, guppyfry_snake_entry_garden
Lair:5:   layout_roguey, grunt_megastairs_3, infiniplex_staircase_pool_2
Lair:6:   hangedman_lair_tendril_chambers, layout_loops_ring,
          minmay_slime_entry_pillars, st_stairs_12, grunt_megastairs_4,
          serial_bayou_shore_b, lemuel_fruit_tree, serial_bayou_shore_b
Swamp:1:  layout_falls_marsh, evilmike_swamp_ruin_rubble_1,
          infiniplex_staircase_pool
Swamp:2:  layout_basic_swamp, evilmike_swamp_ruin_house_2, uniq_frances
Orc:1:    layout_diamond_mine, special_room [special_room_bee]
Orc:2:    grunt_orc_gardens, layout_caves, grunt_orc_garden, grunt_orc_garden,
          grunt_orc_garden, grunt_orc_garden, biasface_ghost_orc_armoury,
          minmay_shop_mass

Skill      XL: |  1  2  3  4  5  6  7  8  9 10 11 12 13 14 15 16 |
---------------+-------------------------------------------------+-----
Fighting       | 1 2 3 4 6 7 8 9 10 11 12 13 | 13.5
Stealth        | 2 3 4 5 6 7 8 9 |  9.0
Dodging        | 2 3 4 5 6 7 8 |  8.5
Translocations | 1 2 |  2.0
Hexes          | 1 2 |  2.0
Spellcasting   | 3 4 5 6 7 8 9 10 11 | 11.8
Conjurations   | 5 6 7 8 9 10 11 | 11.2
Summonings     | 1 3 5 6 8 9 10 11 | 11.3
Staves         | 3 5 7 8 9 |  9.7
Evocations     | 3 5 6 8 9 |  9.5

Action                   |  1- 3 |  4- 6 |  7- 9 | 10-12 | 13-15 | 16-18 || total
-------------------------+-------+-------+-------+-------+-------+-------++-------
Melee: Unarmed           |    21 |    11 |     8 |    46 |       |       ||    86
       Tailslap          |     5 |       |     2 |    29 |    74 |     4 ||   114
       Punch             |       |       |       |     3 |     8 |       ||    11
       Staff             |       |       |       |    94 |   438 |    14 ||   546
 Cast: Magic Dart        |    83 |    17 |     8 |    14 |     6 |       ||   128
       Searing Ray       |     1 |    21 |   112 |   153 |    64 |       ||   351
       Summon Mana Viper |       |       |     2 |     3 |     3 |       ||     8
       Iskenderun's Myst |       |       |       |   232 |   705 |    27 ||   964
       Monstrous Menager |       |       |       |       |     3 |     1 ||     4
       Summon Cactus Gia |       |       |       |       |     1 |       ||     1
 Abil: Breathe Noxious F |       |       |     7 |    14 |     6 |       ||    27
Evoke: Wand              |       |       |       |    13 |       |       ||    13
  Use: Scroll            |       |       |       |    23 |    19 |     2 ||    44
 Stab: Paralysed         |       |       |       |    10 |       |       ||    10
       Sleeping          |       |       |       |       |     6 |       ||     6
       Distracted        |       |       |       |       |     1 |       ||     1
       Confused          |       |       |       |       |     1 |       ||     1
Armor: Skin              |    14 |    29 |    56 |   189 |   543 |    24 ||   855
Dodge: Dodged            |    30 |    54 |    86 |   338 |   788 |    55 ||  1351
